 Dungeon Crawl Stone Soup version 0.28-a0-1084-ga282ea246d (webtiles) character file.

Game seed: 15167336769894435073

10948 BinkBink the Blocker (level 11, -3/124 HPs)
             Began as a Demonspawn Chaos Knight on Dec 10, 2021.
             Was a Plaything of Xom.
             Killed from afar by a raiju (10 damage)
             ... with a living lightning
             ... on level 2 of the Abyss.
             The game lasted 00:35:13 (11972 turns).

BinkBink the Blocker (Demonspawn Chaos Knight)     Turns: 11972, Time: 00:35:13

Health: -3/124     AC: 25    Str: 14    XL:     11   Next: 42%
Magic:  0/11       EV:  2    Int: 14    God:    Xom [......]
Gold:   950        SH: 13    Dex: 14    Spells: 10/10 levels left

rFire   . . .      SeeInvis .   B - +8 dagger of Mourning {elec, Fragile Str+2 Int+5 Stlth+}
rCold   + . .      Faith    .   o - +1 kite shield
rNeg    . . .      Spirit   +   (armour currently unavailable)
rPois   +          Reflect  .   (helmet currently unavailable)
rElec   .          Harm     .   (cloak currently unavailable)
rCorr   .          Rampage  .   (gloves currently unavailable)
Will    .....      NoTele   +   (boots currently unavailable)
Stlth   +++.......              e - amulet of guardian spirit
HPRegen 0.30/turn               f - ring of protection from cold
MPRegen 0.24/turn               (no ring)

@: tree-form, attractive, hasted, studying Armour, very quick
A: stationary, stasis, torment immunity, boosted hp, (large bone plates 2),
(spiny 1), magic regeneration, (demonic touch 2), (horns 1), (talons 1), dopey
2, (fire resistance 1), MP-powered wands, [clumsy 2], [screaming 1]
a: Renounce Religion


You were on level 2 of the Abyss.
You worshipped Xom.
You were a very special plaything of Xom.
You were a tree.
You visited 1 branch of the dungeon, and saw 9 of its levels.
You visited the Abyss 1 time.
You also visited: Sewer and Bailey.

You collected 950 gold pieces.

Inventory:

Hand Weapons
 a - a +0 short sword of chaos
 c - a +5 dagger of flaming
 y - the +8 hand axe of Egomania {flame, rElec Int-3 SInv}
   (You found it on level 7 of the Dungeon)

   It burns those it strikes, dealing additional fire damage.
   Big, fiery blades are also staple armaments of hydra-hunters.
   Int:       It affects your intelligence (-3).
   rElec:     It insulates you from electricity.
   SInv:      It lets you see invisible.
 z - the +4 hand axe "Diwaul" {flame, *Slow rCorr MP+9}
   (You found it on level 7 of the Dungeon)

   It burns those it strikes, dealing additional fire damage.
   Big, fiery blades are also staple armaments of hydra-hunters.
   MP:        It affects your magic capacity (+9).
   rCorr:     It protects you from acid and corrosion.
   *Slow:     It may slow you when you take damage.
 B - the +8 dagger of Mourning (weapon) {elec, Fragile Str+2 Int+5 Stlth+}
   (You took it off an orc warrior in a bailey)

   It occasionally discharges a powerful burst of electricity upon striking a
   foe.
   Str:       It affects your strength (+2).
   Int:       It affects your intelligence (+5).
   Fragile:   It will be destroyed if unequipped.
   Stlth:     It makes you more stealthy.
Missiles
 h - 9 throwing nets (quivered)
Armour
 b - a +2 leather armour
 g - a +2 pair of boots of stealth (melded)
 o - a +1 kite shield (worn)
 p - a +1 chain mail of cold resistance (melded)
 K - a +0 helmet
 M - a +0 cloak of poison resistance (melded)
Magical Staves
 d - a staff of fire
Jewellery
 e - an amulet of guardian spirit (around neck)
 f - a ring of protection from cold (left branch)
Wands
 m - a wand of paralysis (10)
 n - a wand of mindburst (9)
 w - a wand of polymorph (12)
 I - a wand of flame (15)
Scrolls
 j - 2 scrolls of noise
 q - a scroll of amnesia
 u - a scroll of teleportation
 x - a scroll of enchant armour
 D - a scroll of brand weapon
 H - a scroll of blinking {unknown}
Potions
 i - a potion of curing
 k - 3 potions of flight
 l - a potion of lignification
 r - 2 potions of cancellation
 t - 2 potions of brilliance


   Skills:
 + Level 6.7 Fighting
 + Level 7.2 Short Blades
 + Level 7.3 Armour
 + Level 4.2 Dodging
 - Level 2.3 Stealth
 * Level 11.4 Shields
 + Level 0.4 Evocations


You had 10 spell levels left.
You didn't know any spells.
Your spell library contained the following spells:

 Spells                   Type           Power      Damage    Failure   Level
 Animate Skeleton         Necr           0%         N/A       41%         1
 Apportation              Tloc           0%         N/A       41%         1
 Magic Dart               Conj           0%         1d3       41%         1
 Summon Small Mammal      Summ           0%         N/A       41%         1
 Call Imp                 Summ           0%         N/A       56%         2
 Poisonous Vapours        Pois/Air       0%         N/A       56%         2
 Call Canine Familiar     Summ           0%         N/A       80%         3
 Confusing Touch          Hex            0%         N/A       80%         3
 Gell's Gravitas          Tloc           0%         N/A       80%         3
 Lesser Beckoning         Tloc           0%         N/A       80%         3
 Mephitic Cloud           Conj/Pois/Air  0%         N/A       80%         3
 Portal Projectile        Hex/Tloc       0%         N/A       80%         3
 Teleport Other           Tloc           0%         N/A       80%         3
 Cause Fear               Hex            0%         N/A       99%         4
 Leda's Liquefaction      Hex/Erth       0%         N/A       99%         4
 Olgreb's Toxic Radiance  Pois           0%         N/A       99%         4
 Yara's Violent Unravell  Hex/Tmut       0%         3d3       100%        5


Dungeon Overview and Level Annotations

Branches:
Dungeon (9/15)             Temple (0/1) D:5            Lair (0/6) D:9
  Sewer (visited)          Bailey (visited)
    Orc: D:9-12

Altars:
Cheibriados
Gozag
Okawaru
Qazlal
Sif Muna
Vehumet
Wu Jian
Xom
Yredelemnul
Zin

Shops:
D:3 [   D:4 :   D:6 *   D:8 (

Annotations:
D:9 Erolcha


Innate Abilities, Weirdness & Mutations

You are a tree.
Your roots penetrate the ground, keeping you stationary.
You cannot be teleported.
You are immune to unholy pain and torment.
Your maximum health is greatly increased.
Your equipment is partially melded.
((You are mostly covered in large bone plates. (SH +6)))
((You are partially covered in sharp spines.))
You regenerate magic rapidly.
((Your touch may inflict irresistible damage on your foes.))
((You have a pair of small horns on your head.))
((You have sharp toenails.))
You are very dopey. (Int -4)
((Your flesh is heat resistant. (rF+)))
You expend magic power (3 MP) to strengthen your wands.
[You are very clumsy. (Dex -4)]
[You occasionally shout uncontrollably at your foes.]


Message History

You closely miss the raiju.
The raiju is heavily wounded.
The raiju bites you but does no damage. You block the raiju's attack.
You puncture the raiju!
The raiju is severely wounded.
The raiju bursts into living lightning!
The living lightning hits you!
* * * LOW HITPOINT WARNING * * *
The raiju blinks!
Unknown command.
You feel better. You block the raiju's attack.
The raiju bites you but does no damage.
You feel yourself speed up.
The raiju bursts into living lightning!
The living lightning hits you.
* * * LOW HITPOINT WARNING * * *
The raiju blinks!
The raiju bites you.
* * * LOW HITPOINT WARNING * * *
The raiju shocks you!
* * * LOW HITPOINT WARNING * * *
You closely miss the raiju.
The raiju is severely wounded.
You block the raiju's attack.
You miss the raiju. You hit the raiju.
The raiju is almost dead.
You block the raiju's attack. x2
You hit the raiju but do no damage.
The raiju is almost dead.
You barely miss the raiju.
The raiju is almost dead.
You block the raiju's attack. x2
You closely miss the raiju.
The raiju is almost dead.
You hit the raiju.
The raiju is lightly wounded.
The raiju bursts into living lightning!
The living lightning hits you!
You die...
Xom bursts into laughter!

. .. §
#..#..# #
.# .. # .
...##.#
.....#.#..#
# .....#
...h# # . .
.#. #. . .#
#.#... # #
h .###
..#.X.## .
#♣# .#.
....##hh# #
. . #######
..#. .#.. .
..#.# ..#
##...
...#.## ..
.## . # #.
. . .# ##.


You could see 2 raiju.

Vanquished Creatures
  An orc warlord (Bailey)
  A cyclops (shapeshifter) (D:8)
  Maurice (D:9)
  A harpy zombie (Abyss:2)
  A hornet (D:5)
  A raiju (Abyss:1)
  A wyvern (D:8)
  A ynoxinul (Abyss:2)
  A wraith (D:9)
  A steam dragon (D:7)
  2 water moccasins
  11 orc warriors
  2 black bears (D:7)
  An ice beast (D:7)
  2 ogres
  A sky beast (D:7)
  3 centaurs
  3 kobold brigands
  A small abomination (Abyss:2)
  4 bullfrogs
  6 gnoll sergeants
  A wyvern skeleton (D:7)
  A wyvern zombie (D:5)
  2 scorpions (D:5)
  5 killer bees (D:7)
  An electric eel (D:6)
  2 jellies
  A centaur zombie (D:9)
  10 hounds
  4 gnoll shamans
  An orc priest (D:8)
  2 bullfrog skeletons (D:5)
  2 centaur skeletons
  Terence (D:3)
  An iguana (D:5)
  A scorpion zombie (D:5)
  Natasha (twice) (D:3)
  3 orc wizards
  A hound zombie (D:5)
  A hound skeleton (D:4)
  48 gnolls
  A howler monkey zombie (D:8)
  10 adders
  A howler monkey skeleton (D:6)
  2 river rats
  A white imp (D:7)
  An ufetubus (Abyss:1)
  An adder skeleton (D:4)
  2 worms (D:3)
  4 dart slugs
  55 orcs
  6 ball pythons
  3 bats
  4 endoplasms
  4 giant cockroaches
  24 goblins
  18 hobgoblins
  12 jackals
  3 quokkas
  9 frilled lizards
  A jackal skeleton (D:4)
  15 kobolds
  11 rats
  A bush (D:1)
325 creatures vanquished.

Vanquished Creatures (collateral kills)
  A tentacled starspawn (Abyss:2)
  A thrashing horror (Abyss:2)
  A wretched star (Abyss:2)
  A hellwing (Abyss:2)
  6 orc warriors (Bailey)
  A scorpion (D:6)
  A hound (D:6)
  2 gnolls (D:6)
  2 orcs
  A goblin (Bailey)
  2 hobgoblins (Bailey)
  2 jackals (D:6)
  A starspawn tentacle (Abyss:2)
22 creatures vanquished.

Vanquished Creatures (others)
  A dancing weapon (Bailey)
  A hound (D:6)
  An iron imp (Abyss:1)
  2 orcs
  7 starspawn tentacles
12 creatures vanquished.

Grand Total: 359 creatures vanquished

Notes
Turn   | Place    | Note
-------+----------+-------------------------------------------
     0 | D:1      | BinkBink the Demonspawn Chaos Knight began the quest for
                  | the Orb.
     0 | D:1      | Reached XP level 1. HP: 18/18 MP: 1/1
   183 | D:1      | Gained mutation: Your touch may inflict minor irresistible
                  | damage on your foes. [demonic ancestry]
   183 | D:1      | Reached XP level 2. HP: 22/24 MP: 2/2
   248 | D:1      | Reached skill level 1 in Dodging
   368 | D:1      | XOM: god gift: twisted blue amulet {god gift}
   605 | D:1      | XOM: confuse monster(s)
   758 | D:1      | XOM: noise
   759 | D:1      | Found a faded altar of an unknown god.
   769 | D:1      | Reached XP level 3. HP: 28/29 MP: 3/3
   958 | D:2      | Gained mutation: Your touch may inflict irresistible damage
                  | on your foes. [demonic ancestry]
   958 | D:2      | Reached XP level 4. HP: 17/36 MP: 4/4
  1315 | D:2      | XOM: god gift: 43 gold pieces
  2212 | D:3      | Found a radiant altar of Vehumet.
  2219 | D:3      | Found Kuckiusch's Antique Armour Shop.
  2219 | D:3      | XOM: 4-stop teleportation journey
  2221 | D:3      | Gained mutation: You are partially covered in large bone
                  | plates. (SH +4) [demonic ancestry]
  2221 | D:3      | Reached XP level 5. HP: 42/42 MP: 5/5
  2227 | D:3      | Found a shimmering altar of Xom.
  2384 | D:3      | Noticed an angel
  2417 | D:3      | Noticed Terence
  2428 | D:3      | XOM: smoke on damage
  2431 | D:3      | Killed Terence
  2466 | D:3      | XOM: god gift: 14 gold pieces
  2469 | D:3      | XOM: silly message
  2583 | D:3      | Found a basalt altar of Yredelemnul.
  2597 | D:3      | Found a shimmering blue altar of Sif Muna.
  2637 | D:3      | XOM: 5-stop teleportation journey
  2759 | D:3      | Noticed Natasha
  2769 | D:3      | Killed Natasha
  2932 | D:3      | Reached skill level 1 in Stealth
  3067 | D:3      | XOM: god gift: 10 arrows
  3197 | D:3      | Noticed Natasha
  3199 | D:3      | Killed Natasha
  3393 | D:4      | XOM: stealth player
  3394 | D:4      | Found Ydugh's Book Boutique.
  3411 | D:4      | Gained mutation: You regenerate magic rapidly. [demonic
                  | ancestry]
  3411 | D:4      | Reached XP level 6. HP: 48/48 MP: 6/6
  3543 | D:4      | XOM: give mutation
  3543 | D:4      | Gained mutation: You have hidden genetic potential. [Xom's
                  | grace]
  3569 | D:4      | XOM: divination: detect items
  3794 | D:4      | XOM: give mutation
  3794 | D:4      | Gained mutation: You have sharp toenails. [Xom's grace]
  4015 | D:4      | XOM: scenery: create altars
  4066 | D:4      | XOM: cloud trail
  4165 | D:5      | Entered Level 5 of the Dungeon
  4177 | D:5      | XOM: enchant monster (good)
  4201 | D:5      | XOM: smoke on damage
  4211 | D:5      | Reached skill level 1 in Shields
  4211 | D:5      | Reached XP level 7. HP: 7/54 MP: 2/7
  4481 | D:5      | XOM: 1-stop teleportation journey
  4490 | D:5      | Gained mutation: You have razor-sharp toenails. [hidden
                  | potential]
  4548 | D:5      | Noticed a hornet
  4551 | D:5      | XOM: swap monsters
  4629 | D:5      | XOM: 2-stop teleportation journey
  4923 | D:5      | XOM: confusion
  4932 | D:5      | XOM: god gift: scroll labelled UCINEKHOX {god gift}
  4954 | D:5      | XOM: enchant monster (bad)
  4958 | D:5      | Reached skill level 2 in Shields
  4958 | D:5      | XOM: god gift: staff of fire
  4961 | D:5      | Killed a hornet
  5062 | D:4      | XOM: summons 1 hostile demon
  5175 | D:4      | XOM: summons 4 hostile demons
  5176 | D:4      | Noticed a soul eater
  5237 | D:5      | XOM: summons 4 hostile demons
  5238 | D:5      | Noticed an ice devil
  5238 | D:5      | Noticed an orange demon
  5238 | D:5      | XOM: 4-stop teleportation journey
  5320 | D:5      | Found a staircase to the Ecumenical Temple.
  5501 | D:5      | Reached XP level 8. HP: 61/61 MP: 8/8
  5588 | D:5      | XOM: noise
  5594 | D:5      | Reached skill level 3 in Shields
  5604 | D:5      | Gained mutation: Your muscles are strong. (Str +2) [hidden
                  | potential]
  5604 | D:5      | Lost mutation: You have hidden genetic potential. [hidden
                  | potential expressed]
  5807 | D:6      | XOM: noise
  5807 | D:6      | Found a glowing drain.
  5816 | D:6      | XOM: potion effect (invisibility)
  5858 | Sewer    | Entered a sewer
  6020 | Sewer    | XOM: divination: detect items
  6121 | Sewer    | Reached skill level 5 in Short Blades
  6368 | D:6      | Reached skill level 5 in Armour
  6416 | D:6      | XOM: confuse monster(s)
  6515 | D:6      | Reached skill level 4 in Shields
  6548 | D:6      | Reached skill level 5 in Fighting
  6560 | D:6      | XOM: noise
  6569 | D:6      | XOM: scenery: summon butterflies
  6584 | D:6      | XOM: fog
  6840 | D:6      | Reached skill level 5 in Shields
  6922 | D:6      | XOM: god gift: 40 gold pieces
  7076 | D:6      | Gained mutation: You are partially covered in sharp spines.
                  | [demonic ancestry]
  7076 | D:6      | Reached XP level 9. HP: 55/68 MP: 9/9
  7077 | D:6      | XOM: 1-stop teleportation journey
  7121 | D:6      | XOM: scenery: 3 doors close
  7168 | D:6      | XOM: give mutations
  7168 | D:6      | Gained mutation: You have hidden genetic potential. [Xom's
                  | grace]
  7168 | D:6      | Gained mutation: You expend magic power (3 MP) to
                  | strengthen your wands. [Xom's grace]
  7237 | D:6      | XOM: confuse monster(s)
  7267 | D:6      | XOM: summons 2 friendly demons
  7490 | D:6      | Found Gozag's Platinum Reserve.
  7491 | D:6      | Found an opulent altar of Gozag.
  7548 | D:6      | XOM: scenery: create altars
  7582 | D:6      | Reached skill level 6 in Shields
  7782 | D:7      | XOM: silly message
  7788 | D:7      | XOM: potion effect (heal wounds)
  7803 | D:7      | You fall into a shaft and drop 1 floor!
  7826 | D:8      | XOM: silly message
  7833 | D:8      | XOM: noise
  7953 | D:7      | Reached skill level 7 in Shields
  7991 | D:7      | XOM: divination: detect items
  8010 | D:7      | XOM: swap monsters
  8016 | D:7      | XOM: chaos upgrade
  8037 | D:7      | Found a flagged portal.
  8044 | D:7      | Identified the +8 hand axe of Egomania {flame, rElec Int-3
                  | SInv}
  8051 | D:7      | Identified the +4 hand axe "Diwaul" {flame, *Slow rCorr
                  | MP+9}
  8130 | Bailey   | Entered a bailey
  8149 | Bailey   | XOM: summons 3 hostile demons
  8346 | Bailey   | XOM: chaos upgrade
  8600 | Bailey   | XOM: divination: magic mapping
  8611 | Bailey   | XOM: polymorph orc -> gnoll
  8649 | Bailey   | XOM: give mutation
  8649 | Bailey   | Gained mutation: You passively map a small area around you.
                  | [Xom's mischief]
  8910 | Bailey   | Identified the +8 dagger of Mourning {elec, Fragile Str+2
                  | Int+5 Stlth+}
  8919 | Bailey   | Reached skill level 8 in Shields
  8919 | Bailey   | Gained mutation: You are mostly covered in large bone
                  | plates. (SH +6) [demonic ancestry]
  8919 | Bailey   | Reached XP level 10. HP: 76/76 MP: 10/10
  8931 | Bailey   | Noticed an orc warlord
  8966 | Bailey   | Gained mutation: You passively map the area around you.
                  | [hidden potential]
  8988 | Bailey   | Killed an orc warlord
  8989 | Bailey   | Reached skill level 9 in Shields
  9081 | Bailey   | Identified the +0 scale mail of the Sixty-Six Nights {+Inv}
  9157 | Bailey   | XOM: 1-stop teleportation journey
  9229 | Bailey   | XOM: swap monsters
  9237 | Bailey   | XOM: give mutations
  9237 | Bailey   | Lost mutation: You have razor-sharp toenails. [Xom's
                  | mischief]
  9237 | Bailey   | Lost mutation: You passively map the area around you.
                  | [Xom's mischief]
  9237 | Bailey   | Gained mutation: You are dopey. (Int -2) [Xom's mischief]
  9237 | Bailey   | Lost mutation: Your muscles are strong. (Str +2) [Xom's
                  | mischief]
  9239 | Bailey   | XOM: give mutations
  9239 | Bailey   | Gained mutation: You are very dopey. (Int -4) [Xom's
                  | mischief]
  9239 | Bailey   | Gained mutation: You sometimes lose the ability to read
                  | scrolls when taking damage. [Xom's mischief]
  9459 | D:7      | Found an iron altar of Okawaru.
  9533 | D:7      | Got Sif Muna's Guide on Vitriolic Hexes
  9792 | D:7      | Found a snail-covered altar of Cheibriados.
  9955 | D:8      | Found Linix's Weapon Shoppe.
  9966 | D:8      | XOM: smoke on damage
  9971 | D:8      | XOM: polymorph orc -> river rat
 10193 | D:7      | XOM: summons 4 hostile demons
 10194 | D:7      | Noticed a sun demon
 10197 | D:8      | XOM: enchant monster (bad)
 10323 | D:8      | XOM: blink monster(s)
 10642 | D:8      | Noticed a glowing shapeshifter
 10642 | D:8      | an orc changed into a glowing shapeshifter
 10642 | D:8      | XOM: polymorph orc -> glowing shapeshifter
 10642 | D:8      | Noticed a cyclops
 10642 | D:8      | a glowing shapeshifter changed into a cyclops
 10648 | D:8      | Killed a cyclops
 10649 | D:8      | Reached skill level 10 in Shields
 10679 | D:8      | XOM: god gift: whip {god gift}
 10733 | D:8      | XOM: 4-stop teleportation journey
 10792 | D:8      | XOM: cloud trail
 10919 | D:9      | XOM: noise
 10955 | D:9      | XOM is BORED!
 10955 | D:9      | XOM: confusion
 11067 | D:9      | Found a staircase to the Lair.
 11105 | D:9      | Noticed a two-headed ogre
 11306 | D:8      | XOM: torment (45/77 hp)
 11543 | D:9      | Noticed Maurice
 11573 | D:9      | Killed Maurice
 11574 | D:9      | Reached XP level 11. HP: 70/83 MP: 11/11
 11653 | D:9      | Found an ornate altar of the Wu Jian Council.
 11656 | D:9      | Found a stormy altar of Qazlal.
 11656 | D:9      | Noticed Erolcha
 11656 | D:9      | Cast into level 1 of the Abyss (Erolcha)
 11685 | Abyss:1  | XOM: give mutations
 11685 | Abyss:1  | Gained mutation: Your spells are a little harder to cast,
                  | but a little more powerful. [Xom's mischief]
 11685 | Abyss:1  | Lost mutation: You sometimes lose the ability to read
                  | scrolls when taking damage. [Xom's mischief]
 11748 | Abyss:1  | XOM: confusion
 11752 | Abyss:1  | Noticed a tentacled starspawn
 11753 | Abyss:1  | Noticed a starcursed mass
 11765 | Abyss:1  | Gained mutation: Your magical capacity is low. (-10% MP) [a
                  | neqoxec]
 11766 | Abyss:1  | XOM: summons friendly crimson imp
 11769 | Abyss:1  | HP: 4/83 [ancient zyme (8)]
 11775 | Abyss:1  | Found a corrupted altar of Lugonu.
 11835 | Abyss:1  | XOM: summons 6 hostile demons
 11836 | Abyss:2  | Found a corrupted altar of Lugonu.
 11868 | Abyss:2  | Found a corrupted altar of Lugonu.
 11883 | Abyss:2  | Noticed a tentacled starspawn
 11889 | Abyss:2  | Noticed a blizzard demon
 11891 | Abyss:2  | Noticed a thrashing horror
 11893 | Abyss:2  | HP: 3/83 [blizzard demon/the air (13)]
 11894 | Abyss:2  | Noticed a wretched star
 11897 | Abyss:2  | Lost mutation: Your spells are a little harder to cast, but
                  | a little more powerful. [potion of mutation]
 11897 | Abyss:2  | Lost mutation: You expend magic power (3 MP) to strengthen
                  | your wands. [potion of mutation]
 11897 | Abyss:2  | Lost mutation: Your magical capacity is low. (-10% MP)
                  | [potion of mutation]
 11897 | Abyss:2  | Gained mutation: You tend to lose your temper in combat.
                  | [potion of mutation]
 11897 | Abyss:2  | Gained mutation: You expend magic power (3 MP) to
                  | strengthen your wands. [potion of mutation]
 11897 | Abyss:2  | Gained mutation: Your flesh is heat resistant. (rF+)
                  | [potion of mutation]
 11899 | Abyss:2  | Noticed a harpy
 11899 | Abyss:2  | a shapeshifter changed into a harpy
 11902 | Abyss:2  | Acquired a +2 pair of boots of stealth
 11903 | Abyss:2  | Acquired a manual of Armour
 11903 | Abyss:2  | Gained mutation: You have a pair of small horns on your
                  | head. [hidden potential]
 11903 | Abyss:2  | Lost mutation: You have hidden genetic potential. [hidden
                  | potential expressed]
 11905 | Abyss:2  | XOM: enchant monster (bad)
 11909 | Abyss:2  | XOM: swap monsters
 11913 | Abyss:2  | Killed a tentacled starspawn
 11913 | Abyss:2  | Killed a thrashing horror
 11914 | Abyss:2  | Reached skill level 11 in Shields
 11918 | Abyss:2  | Killed a wretched star
 11951 | Abyss:2  | XOM: give mutations
 11951 | Abyss:2  | Lost mutation: You tend to lose your temper in combat.
                  | [Xom's mischief]
 11951 | Abyss:2  | Lost mutation: You passively map a small area around you.
                  | [Xom's mischief]
 11960 | Abyss:2  | XOM: silly message
 11963 | Abyss:2  | HP: 6/124 [raiju/living lightning (10)]
 11972 | Abyss:2  | Killed from afar by a raiju

Illustrated notes

Levels and vault maps discovered:
D:1:      psy_arrival_fountain, layout_basic, basic_ecumenical_altar,
          serial_forest, infiniplex_forest_clump_curved,
          infiniplex_forest_lined_2, infiniplex_forest_lined_3,
          infiniplex_forest_clump_tiny, infiniplex_forest_lined_room_,
          infiniplex_forest_corner_1, infiniplex_forest_zigzag_1,
          infiniplex_forest_lined_2, infiniplex_forest_clump_double,
          minmay_misc_feat_pillars, serial_bayou_pond_d, roderic_serpentine_path
D:2:      layout_basic, chequers_decorated_corner
D:3:      layout_basic, grunt_temple_overflow_order_and_chaos_1,
          mainiacjoe_overflow_catch_the_wave, fiery_altar_vehumet, serial_shops,
          shop, minmay_unequal, uniq_natasha, uniq_terence
D:4:      layout_rooms, serial_shops, nicolae_shop_advertising_works
          [nicolae_subvault_shop_adworks]
D:5:      layout_basic, temple_green
D:6:      layout_cave_pools, nicolae_gozag_zags_fifth_avenue, serial_gnoll_camp,
          gnoll_camp_mini_doghouse, gnoll_camp_huts_moat, gnoll_camp_medium_02,
          gnoll_camp_mini_sergeant, gnoll_camp_mini_house,
          gnoll_camp_mini_basic, cheibrodos_sewer_entry_drain,
          hangedman_abyss_or_decor_passed, chequers_garden
D:7:      layout_loops_cross, okawaru_altar_gauntlet_db, lemuel_doored_altar,
          enter_bailey_2, minivault_23
D:8:      layout_rooms, special_room [special_room_orc], serial_shops,
          shop_coins, feat_on_display
D:9:      layout_roguey, grunt_temple_overflow_open, lair_entry_dummy,
          erik_orc_3, st_stairs_10, grunt_ministairs_10, uniq_maurice,
          uniq_erolcha, uniq_erica, uniq_harold
Abyss:2:  base: Temple, minivault_11

Skill      XL: |  1  2  3  4  5  6  7  8  9 10 11 |
---------------+----------------------------------+-----
Armour         | 2 3 4 5 6 7 |  7.3
Dodging        | 1 2 3 4 |  4.2
Short Blades   | 3 4 5 6 7 |  7.2
Stealth        | 1 2 |  2.3
Fighting       | 4 5 6 |  6.7
Shields        | 1 2 5 8 10 11 | 11.4
Evocations     | |  0.4

Action                   |  1- 3 |  4- 6 |  7- 9 | 10-12 || total
-------------------------+-------+-------+-------+-------++-------
Melee: Short sword       |     8 |       |       |       ||     8
       Dagger            |    94 |   195 |   532 |   298 ||  1119
       Touch             |    13 |    29 |       |       ||    42
       Kick              |       |    13 |   160 |    78 ||   251
Evoke: Wand              |       |       |     1 |     3 ||     4
  Use: Potion            |       |     1 |     8 |    12 ||    21
       Scroll            |       |       |    11 |     9 ||    20
 Stab: Sleeping          |     2 |     5 |       |       ||     7
       Distracted        |       |     1 |       |       ||     1
       Confused          |       |       |     1 |       ||     1
       Invisible         |       |       |     1 |       ||     1
Armor: Leather armour    |    19 |    36 |       |       ||    55
       Chain mail        |       |    18 |   208 |    54 ||   280
       Skin              |       |       |    12 |    10 ||    22
Dodge: Dodged            |    41 |    75 |    89 |    43 ||   248
Block: Other             |       |    11 |       |       ||    11
       Kite shield       |       |    24 |   414 |   221 ||   659

Table legend: (Time is in decaauts)
 A = Elapsed time spent in this place.
 B = Non-inter-level travel time spent in this place.
 C = Inter-level travel time spent in this place.
 D = Time resting spent in this place.
 E = Time spent auto-exploring this place.
 F = Levels seen in this place.
 G = Mean time per level.
                   A        B        C        D        E       F      G
               +--------+--------+--------+--------+--------+-----+--------+
         Total |  11877 |  11628 |    249 |     20 |   8789 |  13 |  913.6 |
       Dungeon |   9801 |   9552 |    249 |     20 |   7445 |   9 | 1089.0 |
         Abyss |    286 |    286 |      0 |      0 |     60 |   2 |  143.0 |
         Sewer |    500 |    500 |      0 |      0 |    368 |   1 |  500.0 |
        Bailey |   1289 |   1289 |      0 |      0 |    916 |   1 | 1289.0 |
               +--------+--------+--------+--------+--------+-----+--------+

Top non-repeatable levels by time:
     D:6: 1470 daAuts
     D:5: 1438 daAuts
     D:3: 1324 daAuts
  Bailey: 1289 daAuts
     D:2: 1146 daAuts
     D:8: 1138 daAuts
     D:7: 1033 daAuts
     D:4: 979 daAuts
     D:1: 886 daAuts
   Sewer: 500 daAuts
     D:9: 383 daAuts
 Abyss:1: 175 daAuts
 Abyss:2: 111 daAuts
